 Dungeon Crawl Stone Soup version 0.23-a0-650-ga4d50d4 (console) character file.

136 bli the Chopper (level 5, 0/41 HPs)
             Began as a Formicid Abyssal Knight on Jan 4, 2019.
             Was a Follower of Lugonu.
             Slain by an adder (5 damage)
             ... on level 2 of the Dungeon.
             The game lasted 00:06:15 (1138 turns).

bli the Chopper (Formicid Abyssal Knight)           Turns: 1138, Time: 00:06:16

Health: 0/41       AC:  4    Str: 13 (16) XL:     5   Next: 43%
Magic:  6/6        EV: 11    Int: 10 (12) God:    Lugonu [*.....]
Gold:   35         SH:  0    Dex:  9 (11) Spells: 4/4 levels left

rFire    + + .     SeeInvis +   a - +1 hand axe
rCold    + + .     Gourm    .   (no shield)
rNeg     . . .     Faith    .   b - +0 leather armour
rPois    +         Spirit   .   (helmet unavailable)
rElec    +         Reflect  .   k - scarf {rC+ rF+}
rCorr    +         Harm     .   f - +0 pair of gloves
MR       .....                  (no boots)
Stlth    +.........             (no amulet)
HPRegen  0.13/turn              (no ring)
MPRegen  0.10/turn              (no ring)

@: lethally poisoned (0 -> -2), resistant, flying
A: permanent stasis, dig shafts and tunnels, four strong arms, antennae 3
a: Dig, Shaft Self, Depart the Abyss, Renounce Religion


You were on level 2 of the Dungeon.
You worshipped Lugonu.
Lugonu was aware of your devotion.
You were not hungry.

You visited 1 branch of the dungeon, and saw 2 of its levels.
You visited the Abyss 1 time.

You collected 35 gold pieces.

Inventory:

Hand Weapons
 a - a +1 hand axe (weapon)
 p - a +0 whip
Missiles
 o - 75 stones
 r - 6 javelins of returning (quivered)
 t - 2 poisoned javelins
Armour
 b - a +0 leather armour (worn)
 d - a +0 pair of gloves
 f - a +0 pair of gloves (worn)
 k - a scarf of resistance (worn)
Scrolls
 g - 3 scrolls of random uselessness {unknown}
 h - 4 scrolls of identify {unknown}
 j - a scroll of remove curse {unknown}
 l - a scroll of enchant armour {unknown}
 n - a scroll of teleportation {unknown}
 u - a scroll of magic mapping {unknown}
Potions
 m - 3 potions of flight
Comestibles
 c - 6 rations
 s - a chunk of flesh


   Skills:
 + Level 3.2 Fighting
 + Level 5.2 Axes
 + Level 2.2 Armour
 + Level 1.0 Dodging
 + Level 2.1 Invocations


You had 4 spell levels left.
You didn't know any spells.
Your spell library was empty.

Dungeon Overview and Level Annotations

Branches:
Dungeon (2/15)

Altars:
Uskayaw


Innate Abilities, Weirdness & Mutations

You cannot be hasted, slowed, berserked, paralysed or teleported.
You can dig through walls and to a lower floor.
Your four strong arms can wield two-handed weapons with a shield.
You have a pair of large antennae on your head. (SInv)


Message History

You hit the adder.
The adder is heavily wounded.
The adder misses you.
You completely miss the adder.
The adder is heavily wounded.
The adder bites you but does no damage.
You closely miss the adder.
The adder is heavily wounded.
The adder barely misses you. The adder misses you.
You closely miss the adder.
The adder is heavily wounded.
You feel sick. The adder bites you.
* * * LOW HITPOINT WARNING * * *
You closely miss the adder.
The adder is heavily wounded.
The adder misses you.
You miss the adder.
The adder is heavily wounded.
The adder bites you.
You die...

#.....# .
#.....###...
#......(....
#.....# #.#(###
#.# #.# #.#
########.######..
........†S.......
########@########
#.# ###.########
#..........#
#..........# {
#..........# .
#..........# #
###.######## #
#.# # #.# #
#.####### #


You could see an adder.

Vanquished Creatures
  An ogre (D:2)
  An adder (D:2)
  A worm (D:2)
  2 dart slugs (D:2)
  A leopard gecko (D:1)
  A ball python (D:2)
  3 giant cockroaches
  3 goblins
  9 hobgoblins
  2 jackals (D:2)
  3 kobolds
  2 bats (D:1)
  A frilled lizard (D:1)
  4 rats
34 creatures vanquished.

Notes
Turn   | Place    | Note
-------+----------+-------------------------------------------
     0 | Abyss:1  | bli the Formicid Abyssal Knight began the quest for the
                  | Orb.
     0 | Abyss:1  | Reached XP level 1. HP: 18/18 MP: 2/2
    48 | Abyss:1  | Noticed an efreet
    83 | D:1      | Escaped the Abyss
   178 | D:1      | Reached XP level 2. HP: 18/24 MP: 3/3
   223 | D:1      | Reached * piety under Lugonu
   223 | D:1      | Reached skill level 3 in Axes
   505 | D:1      | Reached XP level 3. HP: 29/29 MP: 4/4
   780 | D:2      | Found a hide-covered altar of Uskayaw.
   849 | D:2      | Noticed an ogre
   880 | D:2      | Killed an ogre
   880 | D:2      | Reached skill level 5 in Axes
   880 | D:2      | Reached XP level 4. HP: 6/35 MP: 5/5
   880 | D:2      | Reached XP level 5. HP: 7/41 MP: 6/6
  1018 | D:2      | Reached skill level 1 in Dodging
  1138 | D:2      | Slain by an adder

Vault maps used:
D:1:      tarquinn_simple_flora_water_b, minmay_nonomino_d4
D:2:      marbit_many_paths, first_ration

Skill      XL: |  1  2  3  4  5 |
---------------+----------------+-----
Axes           | 3 5 |  5.2
Dodging        | 1 |  1.0
Fighting       | |  3.2
Armour         | |  2.2
Invocations    | |  2.1

Action                   |  1- 3 |  4- 6 || total
-------------------------+-------+-------++-------
Melee: Hand axe          |    92 |    36 ||   128
Throw: Javelin           |     3 |     8 ||    11
Invok: Depart the Abyss  |     1 |       ||     1
 Abil: Dig               |     1 |       ||     1
  Use: Potion            |       |     4 ||     4
  Eat: Chunk             |       |     1 ||     1
Armor: Leather armour    |    35 |     9 ||    44
Dodge: Dodged            |    56 |    27 ||    83

Table legend:
 A = Non-vault XP
 B = Vault XP
 C = Vault XP percentage of total XP
 D = Non-vault monster count
 E = Vault monster count
 F = Vault count percentage of total count
                 A         B        C        D         E       F
            +---------+---------+-------+---------+---------+-------
      Total |     182 |      13 |   6.7 |      26 |       8 |  23.5
            +---------+---------+-------+---------+---------+-------
        D:1 |      21 |      12 |  36.4 |      11 |       7 |  38.9
        D:2 |     161 |       1 |   0.6 |      15 |       1 |   6.2
            +---------+---------+-------+---------+---------+-------
